Unix NetHack Version 3.7.0-101 Work-in-progress - last build Apr 1 2024 13:39:02 (cf3915abb6dcc6e3362b2b16a766b7b4f6c45fc9,branch:master). Game began 2024-04-05 22:19:10, ended 2024-04-05 22:28:01. finitelycraig, lawful male human Priest ------ ----- ##-..... |...+ ------------- ---------- # |...(| |...| |...._.)....| |......... ## ###-....|## +...| |....)......| |........| #######|{.>..## |...| ............-# |........-### ### ------# +...| -----.-------# |........| ##### ### |<..| # ## ------ |.......>| ## ## -)--- # ######-....| -.-------- ## #) # # # ## |....| ##### #### #0### # ### #### ##|....| # # ## # # ### # ## #|...d| # ##### #### ##)#### # # #.@...| --|--## # ---------|-.-- # ------ |.:.|## # |.............## |`..-## ## |............| |...| ###-............| ----- |............| -------------- Finitelycraig the Acolyte St:13 Dx:12 Co:13 In:8 Wi:18 Ch:13 Lawful Dlvl:3 $:54 HP:0(34) Pw:0(40) AC:-1 Xp:4/85 T:1698 Latest messages: A mace named Demonbane appears at your feet! The voice of Lugh booms: "Use my gift wisely!" z - an uncursed mace named Demonbane. You see here a blessed thonged club. What do you want to wield? [- az or ?*] z - an uncursed mace named Demonbane (weapon in left hand). # What do you want to adjust? [a-prsz or ?*] Adjust letter to what [qt-zA-Z] (? see used letters)? Swapping: a - an uncursed mace named Demonbane (weapon in left hand). A cave spider suddenly appears next to you! A cave spider suddenly appears next to you! You miss the cave spider. The cave spider just misses! The cave spider bites! You miss the cave spider. The cave spider bites! The cave spider bites! You miss the cave spider. The cave spider bites! The cave spider bites! You hit the cave spider. The cave spider bites! The cave spider bites! You miss the cave spider. The cave spider bites! The cave spider bites! You miss the cave spider. The cave spider bites! The cave spider bites! The door opens. The cave spider bites! The cave spider bites! You stop. Lucey is in the way! The cave spider bites! The cave spider bites! You stop. Lucey is in the way! The cave spider just misses! The cave spider misses! The cave spider misses! You swap places with Lucey. Lucey bites it. The air around you begins to shimmer with a golden haze. The golden haze around you becomes more dense. The golden haze around you becomes more dense. You kill the gas spore! Boom! You kill it! You are caught in the gas spore's explosion! It is fatal. Inventory: Coins ('$') $ - 54 gold pieces Weapons (')') a - the uncursed rustproof +0 Demonbane (weapon in left hand) z - a blessed +1 mace Armor ('[') c - an uncursed +0 small shield (being worn) b - an uncursed +0 robe (being worn) p - an uncursed +0 banded mail Comestibles ('%') e - an uncursed clove of garlic o - an uncursed lembas wafer f - an uncursed sprig of wolfsbane l - an uncursed egg Scrolls ('?') m - a blessed scroll of identify r - an uncursed scroll of identify s - a cursed scroll of teleportation Spellbooks ('+') h - an uncursed spellbook of create monster g - an uncursed spellbook of protection Potions ('!') n - a blessed potion of monster detection d - 4 potions of holy water Tools ('(') i - an uncursed magic marker (0:20) Gems/Stones ('*') k - a cursed worthless piece of blue glass j - a cursed worthless piece of orange glass Finitelycraig the Priest's attributes: Background: You were an Acolyte, a level 4 human Priest. You were lawful, on a mission for Lugh who was opposed by Brigit (neutral) and Manannan Mac Lir (chaotic). You were left-handed. You were in the Dungeons of Doom, on level 3. You entered the dungeon 1698 turns ago. It was nighttime. You had 85 experience points, 75 more were needed to attain level 5. Basics: You had 0 out of 34 hit points. You had 0 out of 40 energy points (spell power). Your armor class was -1. Your wallet contained 54 zorkmids. Autopickup was on for '$?!"=/*', with exceptions. Final Characteristics: Your strength was 13 (limit:18/100). Your dexterity was 12 (limit:18). Your constitution was 13 (limit:18). Your intelligence was 8 (limit:18). Your wisdom was 18 (limit:18). Your charisma was 13 (limit:18). Final Status: You weren't hungry. You were unencumbered. You were wielding a mace. You had basic skill with mace. Final Attributes: You were devoutly aligned. You had a moderate defense bonus (+8). You were guarded. You are dead. Miscellaneous: You disabled loading of bones levels. Total elapsed playing time was 8 minutes and 51 seconds. Major events: Turn 1: finitelycraig the lawful human Priest entered the dungeon 933: entered the Gnomish Mines 1124: attained the rank of Acolyte (level 3) 1657: was bestowed with Demonbane by Lugh 1698: killed by a gas spore's explosion Vanquished creatures: a little dog a wererat 2 iguanas a gas spore a giant rat 2 cave spiders a gnome 3 geckos 6 jackals a fox a kobold a goblin 4 sewer rats 7 grid bugs 2 bats 2 lichens 4 newts 40 creatures vanquished. No species were genocided or became extinct. Voluntary challenges: You were illiterate. You never engraved Elbereth. You never genocided any monsters. You never polymorphed an object. You never changed form. You used no wishes. Achievements: You entered the Gnomish Mines. You attained the rank of Acolyte. The Dungeons of Doom: levels 1 to 5 Level 1: Level 2: Level 3: <- You were here. An altar to Lugh, a fountain. Stairs down to The Gnomish Mines. Final resting place for you, killed by a gas spore's explosion. Level 4: A fountain. Level 5: The Gnomish Mines: Level 4: Game over: ---------- / \ / REST \ / IN \ / PEACE \ / \ | finitelycraig | | 54 Au | | killed by a gas | | spore's | | explosion | | | | 2024 | *| * * * | * _________)/\\_//(\/(/\)/\//\/|_)_______ Goodbye finitelycraig the Priest... You died in The Dungeons of Doom on dungeon level 3 with 589 points, and 54 pieces of gold, after 1698 moves. You were level 4 with a maximum of 34 hit points when you died.